 Dungeon Crawl Stone Soup version 0.16.1-29-g3e760ad (webtiles) character file.

93144 Krapule the Champion of Chaos (level 15, 0/144 HPs)
             Began as a Deep Dwarf Hunter on June 1, 2015.
             Was the Champion of Makhleb.
             Killed by divine providence
             ... invoked by an orc priest
             ... led by Saint Roka
              (11 damage)
             ... on level 2 of the Shoals on June 7, 2015.
             The game lasted 06:11:00 (36531 turns).

Krapule the Champion of Chaos (Deep Dwarf Hunter)  Turns: 36531, Time: 06:11:00

Health: 0/144      AC: 18    Str: 18      XL:     15   Next: 59%
Magic:  25/25      EV: 24    Int: 13 (15) God:    Makhleb [******]
Gold:   763        SH: 11    Dex: 17      Spells: 0 memorised, 14 levels left

rFire  + + .     SeeInvis .     a - +2 falchion of Xeiwnimufo {drain, MR+}
rCold  + + .     Clarity  .     u - +2 ring mail {rF+}
rNeg   + . .     SustAb   .     I - +0 shield
rPois  .         Gourm    .     w - +2 hat
rElec  +         Spirit   .     k - +0 cloak of Starlight {rElec rC+ EV+4 Stlth-}
rCorr  .         Warding  .     G - +0 pair of gloves
rMut   .         Stasis   .     D - +2 pair of boots {Stlth+}
MR     +++..                    n - amulet of rage
Stlth  ++........               j - +4 ring of evasion
                                F - ring "Mammywn" {+Blink +Fly rF+ rC+ Int+3}

@: about to teleport, non-regenerating, extremely resistant to hostile
enchantments, unstealthy
A: damage resistance, recharge devices, blurry vision 2, negative energy
resistance 1, sense surroundings 2, slow healing 3
a: Device Recharging, Minor Destruction, Lesser Servant of Makhleb, Major
Destruction, Greater Servant of Makhleb, Renounce Religion, Evoke Blink, Evoke
Berserk Rage, Evoke Flight


You were on level 2 of the Shoals.
You worshipped Makhleb.
Makhleb was exalted by your worship.
You were not hungry.

You visited 5 branches of the dungeon, and saw 30 of its levels.

You collected 2559 gold pieces.
You spent 1796 gold pieces at shops.

Inventory:

Hand weapons
 a - the +2 falchion of Xeiwnimufo (weapon) {drain, MR+}
   (You found it on level 6 of the Lair of Beasts)

   A truly terrible weapon, it drains the life of those it strikes.
   It affects your resistance to hostile enchantments.
 b - a +2 hand crossbow of velocity
 B - a +1 great sword of flaming
 N - a +1 long sword of protection
Missiles
 c - 72 bolts
 U - 8 poisoned bolts
Armour
 k - the +0 cloak of Starlight (worn) {rElec rC+ EV+4 Stlth-}
   (You found it on level 11 of the Dungeon)

   It affects your evasion (+4).
   It protects you from cold.
   It insulates you from electricity.
   It makes you less stealthy.
 q - a +2 scale mail of cold resistance
 u - a +2 ring mail of fire resistance (worn)
 w - a +2 hat (worn)
 D - a +2 pair of boots of stealth (worn)
 G - a +0 pair of gloves (worn)
 I - a +0 shield (worn)
 S - a +0 swamp dragon armour
Jewellery
 i - an uncursed ring of stealth
 j - a +4 ring of evasion (right hand)
 l - an uncursed ring of protection from cold
 n - an amulet of rage (around neck)
 t - an uncursed ring of see invisible
 F - the ring "Mammywn" (left hand) {+Blink +Fly rF+ rC+ Int+3}
   (You bought it in a shop on level 5 of the Dungeon)

   [ring of flight]

   It affects your intelligence (+3).
   It protects you from fire.
   It protects you from cold.
   It lets you fly.
   It lets you blink.
 Q - an uncursed ring of sustain abilities
 T - an uncursed amulet of the gourmand
Magical devices
 e - a wand of heal wounds (0)
 y - a wand of flame (23)
 K - a wand of slowing (9)
 M - a wand of polymorph (4)
 R - a wand of flame (2)
 W - a wand of digging (10)
 Y - a wand of frost (7)
 Z - a wand of lightning (5)
Scrolls
 h - 5 scrolls of remove curse
 r - a scroll of fog
 v - 7 scrolls of identify
 x - 3 scrolls of fear
 C - a scroll of magic mapping
 L - 3 scrolls of blinking
 P - 3 scrolls of teleportation
Potions
 d - 3 potions of haste
 g - 2 potions of resistance
 m - a potion of brilliance
 s - 4 potions of agility
 z - 4 potions of restore abilities
 A - 8 potions of heal wounds
 E - a potion of cancellation
 H - a potion of flight
 J - 3 potions of berserk rage
 O - 2 potions of might
 V - 6 potions of curing
 X - a potion of ambrosia
Comestibles
 f - 19 bread rations
 o - a royal jelly
 p - a slice of pizza


   Skills:
 + Level 11.6 Fighting
 - Level 5.0 Long Blades
 - Level 13.0 Crossbows
 - Level 13.0 Armour
 - Level 9.0 Dodging
 - Level 8.0 Stealth
 + Level 8.4 Shields
 + Level 14.2 Invocations
 - Level 12.0 Evocations


You had 14 spell levels left.
You didn't know any spells.

Dungeon Overview and Level Annotations

Branches:
Dungeon (15/15)            Temple (1/1) D:7            Lair (8/8) D:11
 Shoals (2/5) Lair:4        Snake (0/5) Lair:5        Slime (0/6) Lair:6
    Orc (4/4) D:12            Elf (0/3) Orc:4        Vaults (0/5) D:14
 Depths: D:15

Altars:
Ashenzari
Cheibriados
Dithmenos
Elyvilon
Fedhas
Gozag
Kikubaaqudgha
Makhleb
Nemelex Xobeh
Okawaru
Qazlal
Ru
Sif Muna
Trog
Vehumet
Xom
Yredelemnul
Zin
The Shining One
Beogh
Jiyva
Lugonu

Shops:
D:5 =   D:12 !   Orc:2 (   Orc:4 =*=!

Annotations:
D:11 Uberwunderbarhen's ghost, powerful DsGl
D:15 Erica; Maud
Shoals:2 exclusion: Roxanne, Frances; Roxanne; Saint Roka


Innate Abilities, Weirdness & Mutations

You are resistant to damage.
You can recharge devices by infusing magical energy.
You resist negative energy.
You passively map the area around you.
You do not heal naturally.
Scrolls take you longer to read.


Message History

* * * LOW HITPOINT WARNING * * *
Saint Roka cries, "In the name of Beogh, DIE!"
The warg moves out of view.
The ogre misses you. You block the faun's attack.
Evoke which item? (* to show all) (? for menu, Esc to quit)
Zapping:
e - a wand of heal wounds (1)
Press: ? - help, Shift-Dir - straight line, f - you You feel much better.
This wand has 0 charges left.
The water nymph closely misses you.
Saint Roka roars a battlecry!
The orcs go into a battle-frenzy!
The ogre misses you.
You miss the water nymph.
The water nymph is severely wounded.
The water nymph points at you and mumbles some strange words.
The water swirls and strikes you!
* * * LOW HITPOINT WARNING * * *
You block the orc sorcerer's attack.
The orc priest calls down the wrath of Beogh upon you.
Something smites you!
You die...

≈ ..## ≈ ≈ ≈ ###.. , , ≈ ,
.....## 8* * * ##≈≈≈≈≈ , ≈≈
≈......# #########≈≈≈≈≈≈.
≈≈......# #........≈≈≈≈≈≈.. ≈ ,
.≈≈≈≈...# #.###.≈...≈≈≈≈≈..[
.≈≈≈≈≈..# #####.....≈≈≈≈≈...
..o≈≈....# #.....≈....≈≈..≈..
≈o...o.o.## #....≈≈≈..≈≈≈≈≈.#*
≈o≈≈≈≈≈o...# #@o....###...≈≈.#
≈
≈≈≈≈≈o≈c..o###mO...####......##
≈ ≈≈≈≈≈≈≈≈.)##oc###=.##......P.
, .≈≈≈oo≈co.oooc.##............
, P≈≈≈≈≈≈≈...o......≈.....≈≈≈≈≈
, .≈≈≈≈≈≈≈≈.......).≈≈........
,..≈≈..≈≈...≈.....≈≈(....P.P ,
,,..≈.≈≈≈≈..≈≈≈≈≈≈≈≈≈..)PPP≈ ,
,, ,≈≈≈≈≈≈≈≈≈≈≈≈≈≈≈≈≈.≈≈P≈(≈≈


You could see Saint Roka, 2 fauns, a water nymph, an orc sorcerer (frenzied), 2
orc warriors, an ogre and an orc priest (frenzied).

Vanquished Creatures
  A frost giant (D:15)
  Gastronok (D:9)
  An ettin (D:15)
  Snorg (Orc:2)
  A merfolk javelineer (Shoals:2)
  A yaktaur captain (D:15)
  10 vault guards
  A great orb of eyes (D:15)
  Harold (Lair:4)
  Nessos (D:12)
  4 hydras
  A centaur warrior (D:13)
  5 orc high priests (Orc:4)
  Urug (D:12)
  A fire crab (Lair:8)
  A sea snake (Shoals:1)
  3 unseen horrors
  5 hill giants
  2 wolf spider zombies
  A necromancer (D:15)
  An orc sorcerer (Orc:4)
  3 ugly things (D:12)
  6 orc knights
  4 lindwurms
  4 griffons
  4 manticores
  15 elephants
  A manticore (shapeshifter) (D:12)
  4 centaur zombies
  16 spiny frogs
  A cyclops (D:11)
  A siren (Shoals:1)
  4 black mambas
  2 gargoyles
  A centaur skeleton (D:10)
  An efreet (D:14)
  3 komodo dragons
  4 kobold demonologists
  2 fire drakes
  3 merfolk
  8 giant leeches (Lair:8)
  A wind drake (Shoals:1)
  5 trolls
  A hornet zombie (D:15)
  3 two-headed ogres
  2 ravens (D:15)
  13 blink frogs
  A snapping turtle (Shoals:1)
  8 slime creatures
  A basilisk (Lair:5)
  A trapdoor spider (D:13)
  A wyvern (Lair:8)
  2 deep elf magi
  A shadow (D:15)
  40 yaks
  3 wraiths
  A steam dragon (D:11)
  11 hippogriffs
  5 wolves (Lair:6)
  A deep elf fighter (D:9)
  2 hungry ghosts
  3 mottled dragons
  6 vampire mosquitoes (Lair:8)
  2 wargs (Orc:2)
  A naga (Lair:5)
  5 porcupines
  13 water moccasins
  5 sky beasts
  A soldier ant (D:10)
  A black bear (D:8)
  5 ice beasts
  40 orc warriors
  2 phantoms
  An eye of draining (D:12)
  2 necrophages
  The ghost of Uberwunderbarhen the Ducker, an average DsGl (D:3)
  5 ogres
  15 centaurs
  16 crocodiles
  33 giant frogs
  2 big kobolds
  A gnoll sergeant (D:13)
  A wyvern skeleton (D:11)
  5 scorpions
  16 killer bees
  9 wights
  2 giant frog zombies
  A goliath beetle (D:6)
  5 jellies
  8 crimson imps
  52 orc priests
  A giant frog skeleton (D:9)
  12 hounds
  8 iguanas
  37 orc wizards
  8 worker ants
  20 sheep
  Ijyb (D:4)
  2 hound zombies
  A hound skeleton (D:11)
  3 mummies
  3 gnolls
  24 adders
  30 river rats
  3 shadow imps
  A giant eyeball (D:15)
  3 worms
  An iguana zombie (D:6)
  237 orcs
  10 bats
  A bat skeleton (D:5)
  26 goblins
  24 hobgoblins
  3 jackals
  25 kobolds
  16 quokkas
  13 giant cockroaches
  9 giant geckos
  5 giant newts
  3 giant spores
  A hobgoblin zombie (D:6)
  16 rats
  2 ballistomycetes
  3 fungi (Lair:8)
  A plant (Lair:8)
1046 creatures vanquished.

Vanquished Creatures (collateral kills)
  A hydra (Lair:3)
1 creature vanquished.

Vanquished Creatures (others)
  A vault guard (D:14)
  2 centaur zombies (D:15)
  A centaur skeleton (D:15)
  A tengu conjurer (D:15)
  A wolf spider simulacrum (D:15)
  A giant frog (Lair:8)
  3 orcs
  A hobgoblin (Orc:4)
  A kobold (D:11)
  A bush (Lair:6)
  12 fungi
  4 plants
29 creatures vanquished.

Grand Total: 1076 creatures vanquished

Notes
Turn   | Place    | Note
--------------------------------------------------------------
     0 | D:1      | Krapule, the Deep Dwarf Hunter, began the quest for the Orb.
     0 | D:1      | Reached XP level 1. HP: 19/19 MP: 1/1
   422 | D:1      | Reached XP level 2. HP: 19/26 MP: 2/2
   777 | D:2      | Found a shadowy altar of Dithmenos.
   838 | D:2      | Found an opulent altar of Gozag.
   870 | D:2      | Reached skill level 1 in Shields
   896 | D:2      | Reached XP level 3. HP: 16/32 MP: 3/3
  1218 | D:2      | Reached skill level 1 in Armour
  1278 | D:2      | Reached XP level 4. HP: 39/39 MP: 4/4
  1510 | D:3      | Reached skill level 5 in Crossbows
  1657 | D:3      | Reached XP level 5. HP: 36/46 MP: 5/5
  1670 | D:3      | Reached skill level 1 in Evocations
  1929 | D:3      | Found an iron altar of Okawaru.
  1944 | D:3      | Noticed Uberwunderbarhen's ghost (average DsGl)
  2557 | D:4      | Noticed Ijyb
  2584 | D:4      | Killed Ijyb
  2584 | D:4      | Reached XP level 6. HP: 21/55 MP: 7/7
  3052 | D:4      | Found a shadowy altar of Dithmenos.
  3261 | D:4      | Reached skill level 1 in Long Blades
  3393 | D:5      | Entered Level 5 of the Dungeon
  3411 | D:5      | Reached XP level 7. HP: 52/62 MP: 9/9
  3463 | D:5      | Noticed a troll
  3790 | D:5      | Found Utwacud's Jewellery Shoppe.
  4007 | D:4      | Found a stormy altar of Qazlal.
  4067 | D:5      | Found a white marble altar of Elyvilon.
  5074 | D:7      | Found a staircase to the Ecumenical Temple.
  5081 | D:7      | Reached skill level 5 in Stealth
  5139 | Temple   | Entered the Ecumenical Temple
  5156 | Temple   | Became a worshipper of Makhleb the Destroyer
  5459 | D:6      | Found a shattered altar of Ashenzari.
  5459 | D:6      | Found a shimmering altar of Xom.
  5492 | D:6      | Found a sacrificial altar of Ru.
  5510 | D:6      | Reached skill level 1 in Invocations
  5510 | D:6      | Reached XP level 8. HP: 37/72 MP: 9/9
  5808 | D:6      | Reached skill level 5 in Dodging
  6102 | D:7      | Reached skill level 6 in Stealth
  6157 | D:7      | Found a deep blue altar of Sif Muna.
  6274 | D:7      | Found an iron altar of Okawaru.
  6844 | D:8      | Reached skill level 5 in Shields
  6844 | D:8      | Gained mutation: You passively map the area around you. [level up]
  6844 | D:8      | Reached XP level 9. HP: 45/79 MP: 11/13
  6868 | D:8      | Acquired Makhleb's first power
  7120 | D:8      | Reached skill level 7 in Stealth
  7362 | D:8      | Acquired Makhleb's second power
  7541 | D:9      | Got an encrusted great mace
  7591 | D:9      | Noticed Gastronok
  7930 | D:9      | Reached skill level 5 in Fighting
  8029 | D:9      | Reached skill level 5 in Invocations
  8143 | D:8      | HP: 1/81 [poisoned by an orc warrior]
  8235 | D:8      | Reached skill level 5 in Armour
  8355 | D:10     | Entered Level 10 of the Dungeon
  8414 | D:9      | Found a radiant altar of Vehumet.
  8417 | D:9      | Found a blossoming altar of Fedhas.
  8420 | D:9      | Found a deep blue altar of Sif Muna.
  8423 | D:9      | Found a snail-covered altar of Cheibriados.
  9023 | D:10     | Noticed a centaur skeleton
  9306 | D:9      | Found a bloodstained altar of Trog.
  9495 | D:9      | Reached XP level 10. HP: 82/88 MP: 15/15
  9613 | D:5      | Bought the ring "Mammywn" {+Blink +Fly rF+ rC+ Int+3} for 569 gold pieces
  9794 | D:10     | Killed a centaur skeleton
 10214 | D:9      | Reached skill level 5 in Evocations
 10225 | D:9      | Acquired Makhleb's third power
 10826 | D:11     | Noticed a manticore
 10847 | D:11     | Killed a manticore
 10942 | D:11     | Acquired Makhleb's fourth power
 11010 | D:11     | Found a staircase to the Lair.
 11101 | D:11     | Killed an unseen horror
 11118 | D:11     | Noticed a manticore
 11157 | D:11     | Reached XP level 11. HP: 65/97 MP: 17/17
 11179 | D:11     | Reached skill level 8 in Invocations
 11201 | D:11     | Killed a manticore
 11425 | D:11     | Noticed a cyclops
 11452 | D:11     | Killed a cyclops
 11494 | D:11     | Noticed Uberwunderbarhen's ghost (powerful DsGl)
 11805 | D:12     | Noticed a four-headed hydra
 11839 | D:12     | Killed a four-headed hydra
 12205 | D:12     | Reached skill level 9 in Invocations
 12237 | D:12     | Noticed Nessos
 12309 | D:12     | Noticed a hill giant
 12389 | D:13     | Acquired Makhleb's fifth power
 12485 | D:12     | Killed a hill giant
 13607 | D:3      | Killed Uberwunderbarhen's ghost
 13804 | D:9      | Killed Gastronok
 13804 | D:9      | Reached XP level 12. HP: 109/109 MP: 20/20
 13973 | D:10     | Killed an unseen horror
 14035 | Lair:1   | Entered Level 1 of the Lair of Beasts
 15175 | Lair:2   | Noticed a seven-headed hydra
 15367 | Lair:2   | Noticed an ice dragon
 15367 | Lair:2   | a seven-headed hydra changed into an ice dragon
 15555 | Lair:3   | Noticed a five-headed hydra
 15742 | Lair:2   | Killed a five-headed hydra
 16235 | Lair:3   | Noticed an eight-headed hydra
 16717 | Lair:3   | Killed an eight-headed hydra
 16959 | Lair:4   | Noticed a six-headed hydra
 17122 | Lair:4   | Noticed Harold
 17473 | Lair:4   | Found a staircase to the Shoals.
 17633 | Lair:4   | Killed Harold
 17633 | Lair:4   | Reached skill level 10 in Invocations
 18553 | Lair:5   | Reached skill level 10 in Evocations
 19268 | Lair:4   | Reached XP level 13. HP: 28/118 MP: 22/22
 19452 | Lair:5   | Found a staircase to the Snake Pit.
 20079 | Lair:6   | Reached skill level 10 in Armour
 20134 | Lair:6   | Reached skill level 5 in Long Blades
 20465 | D:11     | Noticed a lindwurm
 20465 | D:11     | Noticed a lindwurm
 20465 | D:11     | Noticed a lindwurm
 20465 | D:11     | Noticed a lindwurm
 20716 | D:13     | Got an iridescent hand axe
 20854 | D:13     | Noticed a centaur warrior
 21097 | D:12     | Noticed a hill giant
 21145 | D:12     | Killed a hill giant
 21145 | D:12     | Reached skill level 10 in Crossbows
 21299 | D:12     | Killed Nessos
 21577 | D:12     | Killed a lindwurm
 21585 | D:12     | Found Klotaol's Distillery.
 21659 | D:12     | Found a staircase to the Orcish Mines.
 21761 | D:12     | Killed a lindwurm
 21767 | D:12     | Found a roughly hewn altar of Beogh.
 21954 | D:12     | Noticed Urug
 21963 | D:12     | Killed Urug
 22154 | D:12     | Killed a lindwurm
 22207 | D:13     | Killed a centaur warrior
 22317 | D:13     | Reached skill level 11 in Invocations
 22741 | D:13     | Identified the cursed +0 hand axe of Noon {freeze, rF+ Int+3 Stlth+} (You took it off a centaur on level 13 of the Dungeon)
 22842 | D:14     | Found a gate to the Vaults.
 23283 | Lair:6   | Got a bloodstained falchion
 23284 | Lair:6   | Identified the +2 falchion of Xeiwnimufo {drain, MR+} (You found it on level 6 of the Lair of Beasts)
 23331 | Lair:6   | Noticed a seven-headed hydra
 23348 | Lair:6   | Killed a seven-headed hydra
 23683 | Lair:6   | Found a viscous altar of Jiyva.
 23683 | Lair:6   | Found a staircase to the Slime Pits.
 24341 | Lair:7   | Killed a six-headed hydra
 24826 | Lair:7   | Gained mutation: You resist negative energy. [level up]
 24826 | Lair:7   | Reached XP level 14. HP: 130/130 MP: 22/22
 25540 | Lair:8   | Entered Level 8 of the Lair of Beasts
 25587 | Lair:7   | Reached skill level 10 in Fighting
 25996 | Lair:8   | Reached skill level 12 in Invocations
 29005 | Orc:1    | Entered Level 1 of the Orcish Mines
 29147 | Orc:1    | Found a roughly hewn altar of Beogh.
 30256 | Orc:2    | Found Twejan's Weapon Boutique.
 30534 | Orc:2    | Noticed Snorg
 30582 | Orc:2    | Killed Snorg
 31786 | Orc:4    | Entered Level 4 of the Orcish Mines
 31811 | Orc:4    | Reached skill level 13 in Invocations
 32063 | Orc:4    | Found a staircase to the Elven Halls.
 33368 | Orc:4    | Reached XP level 15. HP: 89/140 MP: 25/25
 34026 | Orc:4    | Gained mutation: Scrolls take you a little longer to read. [a neqoxec]
 34039 | Orc:4    | Gained mutation: Scrolls take you longer to read. [a neqoxec]
 34046 | Orc:4    | Found Bryguozy's Jewellery Shop.
 34047 | Orc:4    | Found Gitat's Jewellery Shop.
 34047 | Orc:4    | Found Egossuar's Distillery.
 34048 | Orc:4    | Found Cinurouti's Assorted Antiques.
 34059 | Orc:4    | Bought a potion of heal wounds for 80 gold pieces
 34059 | Orc:4    | Bought 2 potions of heal wounds for 160 gold pieces
 34060 | Orc:4    | Bought a scroll of teleportation for 75 gold pieces
 34064 | Orc:4    | Bought a +4 ring of evasion for 432 gold pieces
 34064 | Orc:4    | Bought an uncursed amulet of rage for 480 gold pieces
 34913 | D:15     | Entered Level 15 of the Dungeon
 35695 | D:15     | Upgraded the game from 0.16.1-28-gcc2312f to 0.16.1-29-g3e760ad
 35787 | D:15     | Reached skill level 14 in Invocations
 35789 | D:15     | Noticed Erica
 35811 | D:15     | Noticed Maud
 36065 | Shoals:1 | Entered Level 1 of the Shoals
 36321 | Shoals:2 | Noticed Frances
 36321 | Shoals:2 | Noticed Roxanne
 36439 | Shoals:2 | Identified a scroll of acquirement
 36510 | Shoals:2 | Noticed Saint Roka
 36531 | Shoals:2 | Killed from afar by an orc priest

Action                   |  1- 3 |  4- 6 |  7- 9 | 10-12 | 13-15 || total
-------------------------+-------+-------+-------+-------+-------++-------
Melee: Short sword       |    47 |    72 |       |       |       ||   119
       Falchion          |       |    63 |   381 |  1629 |  3914 ||  5987
       Hand crossbow     |       |       |       |     3 |       ||     3
 Fire: Hand crossbow     |    48 |    67 |   211 |   239 |   359 ||   924
Invok: Greater Servant o |       |       |       |     1 |       ||     1
 Abil: Device Recharging |       |       |     3 |     2 |     1 ||     6
       Evoke Flight      |       |       |       |       |     1 ||     1
Evoke: Wand              |       |     5 |    20 |    58 |    57 ||   140
  Use: Potion            |     2 |     2 |    10 |     4 |     6 ||    24
       Scroll            |       |    10 |     5 |    11 |    14 ||    40
 Stab: Sleeping          |     1 |     8 |     7 |     2 |    34 ||    52
       Distracted        |       |       |     1 |       |     2 ||     3
       Confused          |       |       |       |    14 |     4 ||    18
  Eat: Chunk             |     1 |     7 |    15 |    19 |    51 ||    93
       Fruit             |       |       |     5 |       |     7 ||    12
       Pizza             |       |       |     1 |       |       ||     1
       Meat ration       |       |       |       |     3 |     1 ||     4
       Bread ration      |       |       |       |       |     1 ||     1
